[ AOE2 MATCH · #505050144 ]
UnrankedVietnamese vs Ethiopians
Player's team · LOSS
[ REPLAY ANALYSIS · EXTRACTED FROM THE RECORDED GAME ]
Feudal
13:55
Castle
17:35
Imperial
—
| APM avg | 42.5 |
| APM peak | 80 |
| eAPM avg | 26.3 |
| Villagers / military | 145 / 40 |
Focus
⚔️ 26.2% · 🌾 73.8%
Fire Lancer ×18 · Monk ×9 · Militia ×6 · Mangonel ×4 · Spearman ×2 · Scorpion ×1
Feudal
9:29
Castle
23:56
Imperial
—
| APM avg | 35.7 |
| APM peak | 77 |
| eAPM avg | 16.9 |
| Villagers / military | 69 / 52 |
Focus
⚔️ 23.0% · 🌾 77.0%
Knight ×35 · Archer ×12 · Scout Cavalry ×2 · Scorpion ×1 · Skirmisher ×1 · Battering Ram ×1
Match map
Initial resources + every placement click. Lines = walls · curves = elevation contours. ◆ gold · ⬟ stone · ● berries · ✦ relic · ◌ wall gap
Your base· Open — 4t gap
Simy's base· Open — unwalled flank
Smoothed initial terrain · ◌ = detected wall gap · hover for details
Inputs per minute
— lapoejs - - Simy
Build order — lapoejs
First 150 of 290 actions detected
| 0:01 | Queue | Villager (Male) ×4 |
| 0:01 | Queue | Villager (Male) |
| 0:03 | Build | House |
| 0:04 | Build | House |
| 1:29 | Queue | Villager (Male) |
| 1:29 | Queue | Villager (Male) |
| 1:50 | Build | Lumber Camp |
| 2:09 | Queue | Villager (Male) |
| 2:10 | Queue | Villager (Male) |
| 2:19 | Queue | Villager (Male) |
| 2:19 | Queue | Villager (Male) |
| 2:48 | Queue | Villager (Male) |
| 2:48 | Queue | Villager (Male) |
| 3:14 | Queue | Villager (Male) |
| 3:14 | Queue | Villager (Male) |
| 3:47 | Queue | Villager (Male) |
| 3:47 | Queue | Villager (Male) |
| 3:57 | Build | House |
| 4:02 | Queue | Villager (Male) |
| 4:03 | Queue | Villager (Male) |
| 4:21 | Queue | Villager (Male) |
| 4:33 | Build | Barracks |
| 5:04 | Queue | Villager (Male) |
| 5:12 | Queue | Villager (Male) |
| 5:14 | Build | House |
| 5:26 | Queue | Villager (Male) |
| 5:31 | Queue | Militia |
| 5:34 | Build | House |
| 5:52 | Queue | Villager (Male) |
| 5:58 | Queue | Militia |
| 6:13 | Queue | Villager (Male) |
| 6:21 | Queue | Militia |
| 6:21 | Queue | Militia |
| 6:25 | Build | House |
| 6:27 | Build | Palisade Wall |
| 6:40 | Queue | Villager (Male) |
| 6:57 | Queue | Villager (Male) |
| 7:11 | Queue | Villager (Male) |
| 7:24 | Build | Palisade Wall |
| 7:28 | Queue | Villager (Male) |
| 7:28 | Queue | Villager (Male) |
| 7:41 | Build | House |
| 7:43 | Build | House |
| 8:41 | Queue | Villager (Male) |
| 8:43 | Build | Palisade Wall |
| 8:47 | Build | Palisade Wall |
| 8:57 | Queue | Villager (Male) |
| 9:02 | Build | Mill |
| 9:09 | Build | House |
| 9:18 | Build | Mining Camp |
| 9:23 | Queue | Villager (Male) |
| 9:49 | Build | Palisade Gate |
| 9:52 | Build | Palisade Wall |
| 10:15 | Queue | Villager (Male) |
| 10:16 | Queue | Villager (Male) |
| 10:32 | Research | Loom |
| 10:36 | Build | Palisade Wall |
| 10:44 | Build | Farm |
| 10:45 | Build | Farm |
| 10:47 | Build | Farm |
| 11:17 | Build | Farm |
| 11:19 | Build | Farm |
| 11:22 | Queue | Villager (Male) |
| 11:29 | Build | Palisade Wall |
| 11:30 | Build | Palisade Wall |
| 11:31 | Build | Palisade Wall |
| 11:45 | Research | Feudal Age |
| 12:15 | Queue | Villager (Male) |
| 12:15 | Queue | Villager (Male) |
| 12:55 | Build | Farm |
| 12:58 | Build | Farm |
| 13:00 | Build | Farm |
| 13:15 | Build | Farm |
| 13:55 | Age | Feudal Age |
| 13:56 | Build | Blacksmith |
| 13:58 | Build | Market |
| 14:55 | Research | Castle Age |
| 15:13 | Build | Mining Camp |
| 15:25 | Build | House |
| 15:26 | Build | House |
| 15:36 | Build | House |
| 15:38 | Research | Double-Bit Axe |
| 15:42 | Build | House |
| 15:51 | Build | House |
| 15:58 | Build | House |
| 16:04 | Build | House |
| 16:13 | Research | Town Watch |
| 16:38 | Queue | Militia |
| 16:38 | Queue | Militia |
| 16:42 | Build | House |
| 16:45 | Build | House |
| 17:04 | Build | Lumber Camp |
| 17:09 | Build | Lumber Camp |
| 17:35 | Age | Castle Age |
| 17:41 | Build | Siege Workshop |
| 17:53 | Build | Town Center |
| 18:05 | Research | Bow Saw |
| 18:05 | Queue | Villager (Male) |
| 18:06 | Queue | Villager (Male) |
| 18:06 | Queue | Villager (Male) |
| 18:21 | Queue | Mangonel |
| 18:21 | Queue | Mangonel |
| 18:31 | Build | House |
| 18:53 | Queue | Villager (Male) |
| 18:53 | Queue | Villager (Male) |
| 18:53 | Queue | Villager (Male) |
| 19:01 | Build | Farm |
| 19:40 | Queue | Villager (Male) |
| 19:41 | Queue | Villager (Male) |
| 19:47 | Queue | Villager (Male) |
| 19:48 | Queue | Villager (Male) |
| 20:08 | Queue | Mangonel |
| 20:08 | Queue | Mangonel |
| 20:20 | Queue | Villager (Male) |
| 20:21 | Queue | Villager (Male) |
| 20:55 | Build | Farm |
| 20:59 | Build | Farm |
| 20:59 | Build | Farm |
| 20:59 | Build | Farm |
| 21:00 | Build | Farm |
| 21:00 | Build | Farm |
| 21:00 | Build | Farm |
| 21:09 | Queue | Villager (Male) |
| 21:09 | Queue | Villager (Male) |
| 21:09 | Queue | Villager (Male) |
| 21:09 | Queue | Villager (Male) |
| 21:32 | Build | Farm |
| 21:32 | Build | Farm |
| 21:32 | Build | Farm |
| 21:32 | Build | Farm |
| 21:32 | Build | Farm |
| 21:33 | Build | Farm |
| 21:45 | Queue | Villager (Male) |
| 21:45 | Queue | Villager (Male) |
| 22:00 | Queue | Fire Lancer |
| 22:00 | Queue | Fire Lancer |
| 22:01 | Queue | Fire Lancer |
| 22:01 | Queue | Villager (Male) |
| 22:01 | Queue | Villager (Male) |
| 22:01 | Queue | Villager (Male) |
| 22:16 | Queue | Villager (Male) |
| 22:16 | Queue | Villager (Male) |
| 22:24 | Queue | Fire Lancer |
| 22:25 | Queue | Villager (Male) |
| 22:25 | Queue | Villager (Male) |
| 22:25 | Queue | Villager (Male) |
| 22:42 | Queue | Villager (Male) |
| 22:43 | Queue | Villager (Male) |
| 22:43 | Queue | Villager (Male) |
| 22:48 | Build | Town Center |
Build order — Simy
First 150 of 206 actions detected
| 0:00 | Queue | Villager (Male) |
| 0:01 | Queue | Villager (Male) |
| 0:02 | Build | House |
| 0:03 | Build | House |
| 0:34 | Queue | Villager (Male) |
| 0:34 | Queue | Villager (Male) |
| 0:34 | Queue | Villager (Male) |
| 1:24 | Queue | Villager (Male) |
| 1:24 | Queue | Villager (Male) |
| 2:02 | Queue | Villager (Male) |
| 2:03 | Queue | Villager (Male) |
| 2:25 | Queue | Villager (Male) |
| 2:25 | Queue | Villager (Male) |
| 2:50 | Queue | Villager (Male) |
| 2:50 | Queue | Villager (Male) |
| 3:05 | Queue | Villager (Male) |
| 3:05 | Queue | Villager (Male) |
| 3:18 | Build | Lumber Camp |
| 3:22 | Build | House |
| 3:24 | Queue | Villager (Male) |
| 3:59 | Queue | Villager (Male) |
| 3:59 | Queue | Villager (Male) |
| 3:59 | Queue | Villager (Male) |
| 4:15 | Queue | Villager (Male) |
| 4:15 | Queue | Villager (Male) |
| 4:32 | Queue | Villager (Male) |
| 4:32 | Queue | Villager (Male) |
| 5:27 | Build | House |
| 5:35 | Queue | Villager (Male) |
| 6:14 | Research | Loom |
| 6:44 | Queue | Villager (Male) |
| 6:48 | Build | Mill |
| 7:19 | Research | Feudal Age |
| 7:39 | Build | Palisade Wall |
| 8:04 | Build | Barracks |
| 8:44 | Build | Palisade Wall |
| 8:45 | Build | Palisade Wall |
| 9:24 | Queue | Villager (Male) |
| 9:24 | Queue | Villager (Male) |
| 9:29 | Age | Feudal Age |
| 9:30 | Research | Double-Bit Axe |
| 10:12 | Build | Archery Range |
| 10:34 | Queue | Villager (Male) |
| 10:35 | Queue | Villager (Male) |
| 10:35 | Queue | Villager (Male) |
| 10:40 | Build | House |
| 10:41 | Build | House |
| 10:43 | Build | Palisade Wall |
| 11:08 | Queue | Villager (Male) |
| 11:09 | Queue | Archer |
| 11:09 | Queue | Archer |
| 11:53 | Queue | Archer |
| 12:00 | Queue | Villager (Male) |
| 12:21 | Queue | Villager (Male) |
| 12:28 | Build | Blacksmith |
| 12:31 | Build | House |
| 12:39 | Build | Farm |
| 12:39 | Build | Farm |
| 12:39 | Build | Farm |
| 12:40 | Build | Farm |
| 12:42 | Research | Horse Collar |
| 12:51 | Build | Farm |
| 12:51 | Build | Farm |
| 12:54 | Queue | Villager (Male) |
| 13:12 | Build | Watch Tower |
| 13:27 | Queue | Villager (Male) |
| 13:27 | Queue | Villager (Male) |
| 13:31 | Build | Mining Camp |
| 13:36 | Build | House |
| 13:40 | Build | House |
| 13:42 | Build | House |
| 13:43 | Build | House |
| 13:44 | Build | House |
| 13:52 | Queue | Skirmisher |
| 14:17 | Queue | Villager (Male) |
| 14:33 | Queue | Villager (Male) |
| 14:53 | Build | House |
| 15:10 | Build | Watch Tower |
| 15:14 | Queue | Villager (Male) |
| 15:15 | Queue | Archer |
| 15:15 | Queue | Archer |
| 15:23 | Build | House |
| 15:24 | Build | House |
| 15:25 | Build | House |
| 15:31 | Queue | Villager (Male) |
| 15:41 | Research | Fletching |
| 15:59 | Queue | Villager (Male) |
| 16:14 | Queue | Villager (Male) |
| 16:18 | Build | Lumber Camp |
| 16:34 | Queue | Villager (Male) |
| 16:35 | Queue | Archer |
| 16:35 | Queue | Archer |
| 16:42 | Build | Farm |
| 16:42 | Build | Farm |
| 16:42 | Build | Farm |
| 16:42 | Build | Farm |
| 17:03 | Queue | Villager (Male) |
| 17:03 | Queue | Villager (Male) |
| 17:28 | Queue | Villager (Male) |
| 17:28 | Queue | Villager (Male) |
| 17:35 | Build | House |
| 17:51 | Build | Mining Camp |
| 17:56 | Queue | Villager (Male) |
| 17:57 | Queue | Archer |
| 17:57 | Queue | Archer |
| 18:01 | Build | Farm |
| 18:01 | Build | Farm |
| 18:02 | Build | Farm |
| 18:02 | Build | Farm |
| 18:02 | Build | Farm |
| 18:03 | Build | Farm |
| 18:06 | Build | Palisade Wall |
| 18:14 | Build | Palisade Wall |
| 18:41 | Queue | Villager (Male) |
| 19:20 | Queue | Villager (Male) |
| 20:21 | Queue | Villager (Male) |
| 20:26 | Build | Market |
| 20:29 | Build | Outpost |
| 20:54 | Build | Farm |
| 20:55 | Build | Farm |
| 21:02 | Build | Mining Camp |
| 21:16 | Research | Castle Age |
| 21:18 | Queue | Archer |
| 21:19 | Queue | Archer |
| 21:23 | Build | Stable |
| 22:07 | Research | Scale Barding Armor |
| 22:12 | Build | Stable |
| 22:20 | Build | Mill |
| 22:20 | Build | Farm |
| 22:20 | Build | Farm |
| 22:21 | Build | Farm |
| 22:21 | Build | Farm |
| 22:21 | Build | Farm |
| 22:21 | Build | Farm |
| 22:22 | Build | Farm |
| 22:22 | Build | Farm |
| 22:35 | Research | Gold Mining |
| 22:43 | Queue | Scout Cavalry |
| 22:50 | Build | Stable |
| 22:52 | Queue | Scout Cavalry |
| 23:00 | Queue | Archer |
| 23:18 | Queue | Villager (Male) |
| 23:18 | Queue | Villager (Male) |
| 23:56 | Age | Castle Age |
| 23:58 | Build | House |
| 23:59 | Build | House |
| 24:02 | Queue | Knight |
| 24:03 | Queue | Knight |
| 24:03 | Queue | Knight |
| 24:04 | Queue | Knight |
Match timeline
| 4:33 | lapoejs · first_building Barracks |
| 6:27 | lapoejs · wall_segment Palisade Wall x5 |
| 7:24 | lapoejs · wall_segment Palisade Wall x4 |
| 7:39 | Simy · wall_segment Palisade Wall x3 |
| 8:04 | Simy · first_building Barracks |
| 8:43 | lapoejs · wall_segment Palisade Wall x4 |
| 8:44 | Simy · wall_segment Palisade Wall x1 |
| 8:45 | Simy · wall_segment Palisade Wall x1 |
| 8:47 | lapoejs · wall_segment Palisade Wall x5 |
| 9:29 | Simy · age_up feudal |
| 9:52 | lapoejs · wall_segment Palisade Wall x9 |
| 10:12 | Simy · first_building Archery Range |
| 10:36 | lapoejs · wall_segment Palisade Wall x10 |
| 10:43 | Simy · wall_segment Palisade Wall x1 |
| 11:29 | lapoejs · wall_segment Palisade Wall x1 |
| 11:30 | lapoejs · wall_segment Palisade Wall x1 |
| 11:31 | lapoejs · wall_segment Palisade Wall x1 |
| 13:55 | lapoejs · age_up feudal |
| 14:42 | lapoejs · first_market_sell 100 wood |
| 14:45 | lapoejs · first_market_buy 100 food |
| 17:35 | lapoejs · age_up castle |
| 17:41 | lapoejs · first_building Siege Workshop |
| 18:06 | Simy · wall_segment Palisade Wall x1 |
| 18:14 | Simy · wall_segment Palisade Wall x12 |
| 21:14 | Simy · first_market_buy 100 food |
| 21:23 | Simy · first_building Stable |
| 23:56 | Simy · age_up castle |
| 24:21 | lapoejs · first_building Monastery |
| 24:40 | Simy · first_market_sell 100 food |
| 25:52 | Simy · first_building Siege Workshop |
| 26:34 | lapoejs · wall_segment Palisade Wall x6 |
| 28:40 | Simy · first_building Castle |
| 29:29 | lapoejs · first_building Castle |
| 32:07 | lapoejs · resign |
[ AI ANALYSIS · 1 CREDIT ]
What really happened in this match?
Wolo.gg analyzes every decision: build order, eco, micro, common mistakes by bracket. Personalized analysis on WhatsApp or Discord in 30 seconds.
Civ guide
Vietnamese
Perfil
lapoejs